 Dungeon Crawl Stone Soup version 0.31.0-4-g52a2dc7128 (webtiles) character file.

Game seed: 14708867317907076587

256 Bobbunny the Trooper (level 5, -4/50 HPs)
             Began as a Minotaur Fighter on Jan 21, 2024.
             Blown up by a kobold (6 damage)
             ... with a mindburst bolt
             ... on level 3 of the Dungeon.
             The game lasted 00:01:46 (1687 turns).

Bobbunny the Trooper (Minotaur Fighter)             Turns: 1687, Time: 00:01:47

Health: -4/50      AC:  8    Str: 22    XL:     5   Next: 92%
Magic:  4/4        EV:  9    Int:  5    God:
Gold:   81         SH:  4    Dex: 10    Spells: 4/4 levels left

rFire   . . .        g - +3 whip
rCold   . . .        c - +0 buckler
rNeg    . . .        b - +0 scale mail
rPois   .            (helmet restricted)
rElec   .            (no cloak)
rCorr   .            q - +0 pair of gloves
SInv    .            (no boots)
Will    .....        h - amulet of regeneration Stlth
                     (no ring)
HPRegen 1.08/turn    (no ring)
MPRegen 0.09/turn

%: no passive effects
@: no status effects
A: horns 2, retaliatory headbutt
a: no special abilities


You were on level 3 of the Dungeon.
You visited 1 branch of the dungeon, and saw 3 of its levels.

You collected 81 gold pieces.

Inventory:

Hand Weapons
 a - a +0 war axe
 g - a +3 whip (weapon)
Missiles
 f - 4 poisoned darts (quivered)
Armour
 b - a +0 scale mail (worn)
 c - a +0 buckler (worn)
 q - a +0 pair of gloves (worn)
Jewellery
 h - an amulet of regeneration (around neck)
Scrolls
 e - 3 scrolls of blinking {unknown}
 k - a scroll of enchant armour {unknown}
 l - a scroll of torment {unknown}
 m - a scroll of fog {unknown}
 n - a scroll of revelation {unknown}
 o - a scroll of fear {unknown}
 p - a scroll of vulnerability {unknown}
 s - a scroll of identify {unknown}
Potions
 d - 2 potions of might
 i - a potion of attraction {unknown}
 j - 4 potions of curing
 r - a potion of ambrosia {unknown}


   Skills:
 + Level 6.2 Fighting
 + Level 5.5 Axes
 - Level 3.6 Armour
 - Level 3.6 Shields


You had 4 spell levels left.
You didn't know any spells.
Your spell library contained the following spells:

 Spells                   Type           Power      Damage    Failure   Level
 Slow                     Hex            0%         N/A       86%         1
 Confusing Touch          Hex            0%         N/A       99%         3
 Sigil of Binding         Hex            0%         N/A       99%         3
 Summon Ice Beast         Ice/Summ       0%         N/A       99%         3
 Vampiric Draining        Necr           0%         2d6       99%         3
 Summon Mana Viper        Hex/Summ       0%         N/A       100%        5
 Monstrous Menagerie      Summ           0%         N/A       100%        7


Dungeon Overview and Level Annotations

Branches:
Dungeon (3/15)

Altars:
Yredelemnul
The Shining One


Innate Abilities, Weirdness & Mutations

You have a pair of horns on your head.
You reflexively headbutt those who attack you in melee.


Message History

You are too injured to fight recklessly!
You are too injured to fight recklessly!
You are too injured to fight recklessly!
You are too injured to fight recklessly!
You are too injured to fight recklessly!
You are too injured to fight recklessly!
You are too injured to fight recklessly!
You are too injured to fight recklessly!
You are too injured to fight recklessly!
You are too injured to fight recklessly!
You block the gnoll's attack.
Things that are here:
a +0 spear; a gnoll corpse The gnoll closely misses you.
The gnoll hits you with a +0 whip. The kobold hits you but does no damage.
You hit the gnoll. You headbutt the gnoll.
The gnoll is severely wounded.
The gnoll hits you with a +0 halberd!
* * * LOW HITPOINT WARNING * * *
The gnoll barely misses you.
The kobold zaps a wand.
Your mind is blasted!
* * * LOW HITPOINT WARNING * * *
You hit the gnoll.
The gnoll is almost dead.
The gnoll hits you with a +0 halberd.
* * * LOW HITPOINT WARNING * * *
The gnoll hits you with a +0 whip.
* * * LOW HITPOINT WARNING * * *
The kobold splashes around in the water.
You barely miss the gnoll. Your headbutt misses the gnoll.
The gnoll is almost dead.
The gnoll hits you with a +0 halberd!
* * * LOW HITPOINT WARNING * * *
The gnoll barely misses you.
The kobold splashes around in the water.
There are monsters nearby!
It was a potion of curing.
You feel better. The gnoll barely misses you.
The gnoll hits you with a +0 whip!
* * * LOW HITPOINT WARNING * * *
The kobold zaps a wand.
Your mind is blasted!
You die...

### #####
#...###########
#.......(.....#
#.....~~##....##
#...~##≈≈###...####
#.)g#≈≈#≈≈≈~.†.....
#.@##≈≈≈≈≈≈##......
#.gK≈#≈≈≈#≈≈#......
#..#≈≈≈≈≈≈≈≈#......
#..##≈#≈≈#≈≈#...[..
#... ≈≈≈≈≈ #....†..
#... #≈≈###.......
#... #~#.........
#.... .......#.≈.
.#####...≈.


You could see 2 gnolls and a kobold.

Vanquished Creatures
  A bullfrog (D:3)
  A bombardier beetle (D:3)
  An orc priest (D:3)
  An orc wizard (D:3)
  3 adders
  2 gnolls (D:3)
  2 dart slugs
  3 ribbon worms (D:2)
  3 orcs (D:3)
  4 endoplasms
  2 giant cockroaches
  2 goblins
  5 hobgoblins
  6 jackals
  2 kobolds (D:2)
  2 quokkas
  2 ball pythons
  6 bats
  6 rats
54 creatures vanquished.

Notes
Turn   | Place    | Note
-------+----------+-------------------------------------------
     0 | D:1      | Bobbunny the Minotaur Fighter began the quest for the Orb.
     0 | D:1      | Reached XP level 1. HP: 19/19 MP: 0/0
   143 | D:1      | Reached skill level 4 in Fighting
   145 | D:1      | Reached XP level 2. HP: 25/27 MP: 1/1
   550 | D:2      | Found a basalt altar of Yredelemnul.
   712 | D:2      | Reached XP level 3. HP: 21/34 MP: 2/2
   837 | D:2      | Found a faded altar of an unknown god.
  1292 | D:3      | Noticed a bullfrog
  1297 | D:3      | Killed a bullfrog
  1298 | D:3      | Reached skill level 5 in Fighting
  1298 | D:3      | Reached XP level 4. HP: 42/42 MP: 3/3
  1309 | D:3      | Reached XP level 5. HP: 48/48 MP: 4/4
  1318 | D:3      | Reached skill level 5 in Axes
  1529 | D:3      | Found a glowing golden altar of the Shining One.
  1604 | D:3      | Reached skill level 6 in Fighting
  1686 | D:3      | HP: 1/50 [gnoll/+0 halberd (8)]
  1687 | D:3      | Blown up by a kobold

Illustrated notes

Levels and vault maps discovered:
D:1:      minmay_arrival_up_and_down, layout_rooms
D:2:      layout_loops_ring, shapermc_ecumenical_altar_mp_highgroup, basic_altar
D:3:      layout_rooms, mainiacjoe_overflow_concentric_impassable, minivault_4

Skill      XL: |  1  2  3  4  5 |
---------------+----------------+-----
Fighting       | 4 5 6 |  6.2
Axes           | 3 4 5 |  5.5
Armour         | |  3.6
Shields        | |  3.6

Action                     |  1- 3 |  4- 6 || total
---------------------------+-------+-------++-------
  Melee: Whip              |   110 |    43 ||   153
         War axe           |     5 |       ||     5
         Headbutt          |    13 |     8 ||    21
    Use: Potion            |       |     1 ||     1
 Armour: Scale mail        |    62 |    31 ||    93
  Dodge: Dodged            |    39 |    27 ||    66
  Block: Buckler           |    21 |     8 ||    29
